Map: Deathaura LE

Players

A.I. 1 (Very Easy)

  • Race: Zerg Zerg
  • Spawn Location: 11:00

Powerfoe - Winner!

  • Race: Terran Terran
  • League: Master
  • Spawn Location: 5:00

VOD

Have the link to the VOD?

Description

Time

  • Played on: Oct. 14, 2020, 10:38 p.m.
  • Length: 7:41
Show
View Real Time Build Order
Export as new Build Order

A.I. 1 (Very Easy) Zerg 

Build Orders: Hatch First 

Get SALT Encoding   

  12  0:01  Drone  
  13  0:12  Overlord  
  13  0:16  Drone  
  14  0:40  Hatchery  
  13  0:45  Drone  
  14  1:04  Spawning Pool  
  14  1:06  Extractor  
  14  1:07  Drone  
  13  1:15  Drone  
  14  1:21  Overlord  
  14  1:51  Zergling x2  
  14  1:52  Queen  
  14  1:54  Zergling x2  
  18  2:01  Roach Warren  
  18  2:05  Drone  
  18  2:09  Extractor  
  18  2:12  Drone  
  18  2:17  Zergling x2  
  18  2:21  Drone  
  20  2:29  Drone  
  21  2:36  Drone  
  22  2:43  Drone  
  23  2:50  Drone  
  24  2:58  Drone  
  25  3:05  Drone, Roach  
  28  3:10  Overlord  
  28  3:15  Drone  
  29  3:22  Drone  
  30  3:27  Lair  
  30  3:29  Drone  
  31  3:41  Drone  
  32  3:48  Drone  
  32  3:53  Roach  
  32  3:55  Drone  
  35  4:02  Drone  
  36  4:03  Overlord  
  36  4:09  Drone  
  37  4:17  Drone  
  38  4:24  Drone  
  39  4:25  Overseer  
  39  4:28  Overseer  
  39  4:31  Drone  
  41  4:38  Drone  
  41  4:41  Ravager  
  41  4:42  Roach  
  41  4:43  Extractor  
  44  4:45  Drone  
  44  4:52  Extractor  
  43  4:53  Drone  
  44  5:00  Drone  
  44  5:01  Overlord  
  45  5:07  Drone  
  46  5:14  Drone  
  47  5:21  Drone  
  48  5:28  Drone  
  49  5:35  Drone  
  50  5:43  Drone  
  51  6:49  Zergling x2  
  43  6:54  Overseer, Overlord  
  43  7:07  Drone  
  39  7:15  Drone  
  31  7:17  Zergling x2  
  31  7:22  Drone  
  25  7:24  Overseer  
Show
View Real Time Build Order
Export as new Build Order

Powerfoe Terran - Winner!

Build Orders: Hellion Opening, Reaper Expand 

Get SALT Encoding   

  12  0:00  SCV  
  13  0:12  SCV  
  14  0:17  Supply Depot  
  14  0:24  SCV  
  15  0:39  SCV, Barracks  
  16  0:43  Refinery  
  16  0:51  SCV  
  17  1:03  SCV  
  18  1:15  SCV  
  19  1:26  Reaper  
  19  1:27  Orbital Command  
  20  1:39  Command Center  
  20  1:47  Supply Depot  
  20  1:53  SCV  
  21  1:58  Marine  
  22  2:05  SCV  
  22  2:07  Factory  
  23  2:14  Refinery  
  23  2:17  SCV  
  23  2:19  Barracks Reactor  
  24  2:29  SCV  
  25  2:41  SCV  
  26  2:50  Orbital Command  
  26  2:52  Starport  
  26  2:53  SCV  
  27  2:59  Hellion x2  
  27  3:04  Marine  
  32  3:05  SCV  
  33  3:14  Supply Depot  
  33  3:16  SCV  
  33  3:18  SCV  
  35  3:21  Hellion x2  
  39  3:27  Barracks Tech Lab  
  39  3:28  SCV  
  39  3:30  SCV  
  39  3:31  Viking  
  43  3:39  Supply Depot  
  43  3:40  SCV  
  44  3:42  SCV  
  44  3:48  Hellion x2  
  49  3:49  Stimpack  
  49  3:52  SCV  
  49  3:54  SCV  
  51  4:02  Engineering Bay  
  51  4:04  SCV  
  51  4:05  Supply Depot  
  51  4:06  SCV  
  53  4:15  Barracks  
  53  4:16  Barracks  
  53  4:18  SCV, Factory Tech Lab  
  53  4:19  Starport Reactor  
  53  4:21  SCV  
  55  4:27  Terran Infantry Weapons Level 1  
  55  4:30  Marine, SCV  
  57  4:33  Refinery  
  57  4:35  SCV  
  57  4:38  Siege Tank  
  61  4:42  SCV  
  61  4:43  Supply Depot  
  62  4:45  Supply Depot  
  62  4:48  Marine, SCV  
  64  4:54  SCV  
  65  5:00  SCV  
  65  5:01  Refinery  
  65  5:02  Starport Reactor  
  65  5:06  SCV  
  67  5:07  Marine x2  
  67  5:08  Marine x3  
  67  5:10  Siege Tank  
  67  5:12  SCV  
  76  5:16  Barracks  
  76  5:18  Barracks  
  76  5:22  Supply Depot  
  76  5:24  Supply Depot  
  76  5:28  Marine x3  
  76  5:29  Marine, Combat Shield  
  76  5:30  Marine  
  81  5:39  Medivac x2  
  85  5:44  Siege Tank  
  85  5:45  Supply Depot  
  85  5:47  Supply Depot  
  85  5:49  Marine  
  89  5:50  Marine  
  89  5:51  Marine  
  89  5:52  Marine  
  89  5:53  Marine  
  93  6:05  Barracks Reactor x2  
  93  6:07  Marine x2, Supply Depot  
  93  6:09  Marine  
  93  6:10  Marine, Supply Depot  
  97  6:13  Marine  
  98  6:22  Siege Tank  
  98  6:23  Medivac  
  98  6:24  Medivac  
  98  6:25  Marine x2  
  106  6:27  Marine  
  106  6:28  Marine  
  106  6:32  Supply Depot  
  109  6:35  Marine  
  110  6:42  Marine  
  110  6:43  Marine x4  
  110  6:45  Marine x3  
  118  6:53  Marine  
  118  6:59  Supply Depot  
  118  7:00  Marine x2  
  118  7:01  Marine, Medivac, Siege Tank  
  121  7:04  Medivac  
  121  7:08  Marine x3  
  130  7:10  Marine  
  130  7:12  Marine  
  133  7:21  Supply Depot x2  
Tags
 
Add a new tag
Caveats
  • Supply blocks, unpowered buildings, or Contaminate may cause inaccurate times.
  • Supply counts are checked every 10 seconds.